 Dungeon Crawl Stone Soup version 0.17-a0-877-ga10078a (webtiles) character file.

727 digdugdiggy the Ruffian (level 7, -15/72 HPs)
             Began as a Troll Monk on May 1, 2015.
             Was a Priest of Nemelex Xobeh.
             Demolished by an ogre
             ... wielding a +0 giant club
              (27 damage)
             ... on level 6 of the Dungeon.
             The game lasted 00:10:53 (3648 turns).

digdugdiggy the Ruffian (Troll Monk)                Turns: 3648, Time: 00:10:53

Health: -15/72     AC:  5    Str: 21    XL:     7   Next: 44%
Magic:  6/6        EV: 10    Int:  6    God:    Nemelex Xobeh [***...]
Gold:   232        SH:  0    Dex: 13    Spells: 0 memorised, 6 levels left

rFire  + . .     SeeInvis .       - Unarmed
rCold  x . .     Clarity  .     l - +0 robe
rNeg   . . .     SustAb   .     (no shield)
rPois  .         Gourm    +     (helmet restricted)
rElec  .         Spirit   .     (no cloak)
rCorr  .         Warding  .     (gloves unavailable)
rMut   .         Stasis   .     (boots unavailable)
MR     .....                    (no amulet)
Stlth  +.........               (no ring)
                                r - ring of fire

@: heavily drained, not resistant to hostile enchantments, very unstealthy
A: unfitting armour, claws 3, fast metabolism 3, gourmand, regeneration 2,
shaggy fur 1, tough skin 2
a: Triple Draw, Renounce Religion


You were on level 6 of the Dungeon.
You worshipped Nemelex Xobeh.
Nemelex Xobeh was most pleased with you.
You were very full.

You visited 1 branch of the dungeon, and saw 6 of its levels.

You collected 232 gold pieces.

Inventory:

Armour
 a - a +0 robe
 l - a +0 robe (worn)
Jewellery
 r - a ring of fire (left claw)
Magical devices
 t - a wand of fireball (15)
Scrolls
 c - 4 scrolls of teleportation
 d - 2 scrolls of enchant weapon
 j - 5 scrolls of remove curse
 p - a scroll of fog
 q - 2 scrolls of amnesia
 v - 7 scrolls of identify
Potions
 f - 3 potions of cure mutation
 g - 3 potions of resistance
 i - 6 potions of curing
Books
 w - a book of Annihilations {highlevel, unknown}

   This book is beyond your current level of understanding.

   Spells                             Type                      Level
   a - Poison Arrow                   Conjuration/Poison           6
   b - Chain Lightning                Conjuration/Air              8
   c - Lehudib's Crystal Spear        Conjuration/Earth            8
   d - Glaciate                       Conjuration/Ice              9
   e - Fire Storm                     Conjuration/Fire             9
Miscellaneous
 e - a plain deck of wonders {drawn: 2}
 h - a plain deck of destruction {drawn: 1}
 k - a plain deck of destruction
 m - a plain deck of war
 n - a plain deck of war
Comestibles
 b - 6 bread rations
 o - 2 fruits
 s - 2 slices of pizza
 z - a beef jerky


   Skills:
 + Level 5.0(3.8) Fighting
 - Level 2.4(1.2) Dodging
 - Level 1.1(0.0) Stealth
 * Level 7.5(6.1) Unarmed Combat


You had 6 spell levels left.
You didn't know any spells.

Dungeon Overview and Level Annotations

Branches:
Dungeon (6/15)
 Temple: D:4-7

Altars:
Elyvilon
Gozag
Kikubaaqudgha
Nemelex Xobeh
Okawaru
Qazlal
Ru
Trog
Vehumet


Innate Abilities, Weirdness & Mutations

You are too large for most types of armour.
You have claws for hands.
Your metabolism is lightning-fast.
You like to eat raw meat.
You heal very quickly.
You are covered in fur (AC +1).
You have very tough skin (AC +2).


Message History

Use which ability? (? or * to list)
Okay, then.
You scratch the ogre.
The ogre begins to bleed from its wounds!
The ogre is lightly wounded.
The ogre hits you with a giant club!
You are too injured to fight recklessly!
You are too injured to fight recklessly!
You are too injured to fight recklessly!
You claw the ogre!
The ogre is severely wounded.
You barely miss the ogre.
The ogre is severely wounded.
The ogre hits you with a giant club!!
* * * LOW HITPOINT WARNING * * *
You barely miss the ogre.
The ogre is severely wounded.
The ogre hits you with a giant club!!
You die...
Your body glows slightly and disappears.

############ ...........#
##########.#
#######.########.#
#................#
####.##.........###.
.#......##.####.###.#####
.#.#.#..##.# #.@O....$..
...........# #####.#.###
.#.#.#.<#### ........#
...#.##.# ...#.##.#
.#...##.# #######.# #..


You could see an ogre (bleeding).

Vanquished Creatures
  A sky beast (D:3)
  An ogre (D:5)
  The ghost of Krellian the Stinger, an average OpVM (D:3)
  A centaur (D:5)
  A crimson imp (D:5)
  A centaur skeleton (D:5)
  A giant frog skeleton (D:5)
  A worker ant (D:4)
  An orc wizard (D:3)
  A hound skeleton (D:4)
  7 gnolls (D:2)
  6 adders
  2 shadow imps
  An ooze (D:1)
  An adder skeleton (D:4)
  2 worms
  3 giant geckos
  14 orcs
  A ball python (D:3)
  7 bats
  2 bat skeletons
  5 giant cockroaches
  14 hobgoblins
  2 jackals (D:3)
  A quokka (D:2)
  4 giant newts
  10 goblins
  7 kobolds
  8 rats
107 creatures vanquished.

Notes
Turn   | Place    | Note
--------------------------------------------------------------
     0 | D:1      | digdugdiggy, the Troll Monk, began the quest for the Orb.
     0 | D:1      | Reached XP level 1. HP: 22/22 MP: 0/0
   137 | D:1      | Reached XP level 2. HP: 29/29 MP: 1/1
   617 | D:2      | Reached skill level 5 in Unarmed Combat
   617 | D:2      | Reached XP level 3. HP: 23/36 MP: 2/2
   657 | D:2      | Found a sparkling altar of Nemelex Xobeh.
   668 | D:2      | Became a worshipper of Nemelex Xobeh the Trickster
   668 | D:2      | Received a gift from Nemelex Xobeh
   668 | D:2      | Received a gift from Nemelex Xobeh
   668 | D:2      | Received a gift from Nemelex Xobeh
   986 | D:2      | Reached XP level 4. HP: 29/44 MP: 3/3
  1012 | D:2      | Reached skill level 6 in Unarmed Combat
  1230 | D:2      | Reached XP level 5. HP: 51/53 MP: 4/4
  1531 | D:3      | Noticed Krellian's ghost (average OpVM)
  1541 | D:3      | Killed Krellian's ghost
  1875 | D:4      | Found a sacrificial altar of Ru.
  1876 | D:4      | Found a radiant altar of Vehumet.
  1951 | D:4      | Gained mutation: You can breathe flames. [helix card]
  1957 | D:4      | Reached XP level 6. HP: 55/62 MP: 5/5
  1999 | D:4      | Acquired Nemelex Xobeh's first power
  2326 | D:3      | Found an iron altar of Okawaru.
  2344 | D:3      | Noticed a sky beast
  2353 | D:3      | Killed a sky beast
  2812 | D:5      | Entered Level 5 of the Dungeon
  2838 | D:5      | Found a stormy altar of Qazlal.
  2839 | D:5      | Found a bloodstained altar of Trog.
  2845 | D:5      | Reached XP level 7. HP: 33/71 MP: 6/6
  2955 | D:5      | Found an opulent altar of Gozag.
  2967 | D:5      | Reached skill level 7 in Unarmed Combat
  2985 | D:5      | Found a white marble altar of Elyvilon.
  3032 | D:5      | Found an ancient bone altar of Kikubaaqudgha.
  3232 | D:5      | Reached skill level 5 in Fighting
  3623 | D:6      | Received a gift from Nemelex Xobeh
  3644 | D:6      | Lost mutation: You can breathe flames. [helix card]
  3648 | D:6      | Demolished by an ogre

Action                   |  1- 3 |  4- 6 |  7- 9 || total
-------------------------+-------+-------+-------++-------
Melee: Unarmed           |    87 |   172 |    49 ||   308
Evoke: Deck              |       |     1 |     2 ||     3
  Use: Scroll            |     7 |     5 |     1 ||    13
       Potion            |       |     5 |       ||     5
 Stab: Sleeping          |     1 |     1 |       ||     2
  Eat: Chunk             |     8 |    24 |     5 ||    37
